Map: Automaton LE

Players

MaSa

  • Race: Terran Terran
  • League: Master
  • Spawn Location: 3:00

Patience - Winner!

  • Race: Protoss Protoss
  • Spawn Location: 9:00

Event: IEM Season 13 - Katowice Server Qualifiers America

VOD

Have the link to the VOD?

Description

Time

  • Played on: Jan. 6, 2019, 5:28 p.m.
  • Length: 4:33

All games in this series

Show
View Real Time Build Order
Export as new Build Order

MaSa Terran 

Build Orders:  

Get SALT Encoding   

  12  0:00  SCV  
  13  0:12  SCV  
  14  0:18  Supply Depot  
  14  0:24  SCV  
  15  0:40  SCV  
  16  0:44  Barracks  
  16  0:52  Refinery  
  16  0:53  SCV  
  17  1:07  SCV  
  18  1:14  Barracks  
  18  1:19  Refinery  
  18  1:22  SCV  
  19  1:36  Reaper  
  20  1:40  Barracks  
  20  1:55  Orbital Command  
  20  2:04  Reaper  
  22  2:08  Reaper  
  22  2:20  Supply Depot  
  22  2:30  Reaper  
  23  2:41  Reaper x2  
  25  2:53  SCV  
  26  2:59  Barracks  
  26  3:02  Reaper  
  27  3:13  Reaper x2  
  27  3:19  SCV  
  30  3:24  Supply Depot  
  30  3:34  Reaper  
  31  3:42  Supply Depot  
  31  3:45  Reaper x2, SCV  
  34  3:50  Reaper  
  35  4:03  Supply Depot  
  35  4:04  SCV  
  37  4:12  Supply Depot  
Show
View Real Time Build Order
Export as new Build Order

Patience Protoss - Winner!

Build Orders:  

Get SALT Encoding   

  12  0:01  Probe  
  13  0:13  Probe  
  14  0:19  Pylon  
  14  0:23  Probe  
  15  0:33  Probe  
  15  0:40  Gateway  
  15  0:41  Probe  
  16  0:49  Assimilator  
  17  0:53  Probe  
  18  1:05  Probe  
  19  1:19  Zealot  
  19  1:22  Probe  
  20  1:31  Cybernetics Core  
  22  1:35  Pylon  
  22  1:36  Probe  
  23  1:52  Probe  
  24  1:56  Assimilator  
  24  1:58  Warp Gate, Stalker  
  24  2:05  Probe  
  27  2:17  Probe  
  28  2:29  Probe  
  29  2:30  Stalker  
  31  2:43  Pylon  
  31  2:46  Robotics Facility  
  31  2:51  Pylon  
  31  3:01  Probe  
  31  3:04  Shield Battery  
  31  3:05  Sentry  
  34  3:11  Pylon  
  34  3:17  Probe  
  35  3:21  Gateway  
  35  3:22  Gateway  
  32  3:34  Immortal  
  32  3:37  Pylon  
  36  3:58  Pylon  
  35  4:03  Stalker  
  39  4:23  Sentry  
  41  4:30  Sentry  

Tags
 
Add a new tag
Caveats
  • Supply blocks, unpowered buildings, or Contaminate may cause inaccurate times.
  • Supply counts are checked every 10 seconds.